 Dungeon Crawl Stone Soup version 0.27-a0-419-g7a85846853 (webtiles) character file.

Game seed: 13092683507877102970

29 Chiseanne the Skirmisher (level 3, 30/30 HPs)
             Began as a Demonspawn Wanderer on Feb 26, 2021.
             Quit the game on level 1 of the Dungeon.
             The game lasted 00:01:16 (866 turns).

Chiseanne the Skirmisher (Demonspawn Wanderer)       Turns: 866, Time: 00:01:17

Health: 30/30      AC:  7    Str:  9    XL:     3   Next: 1%
Magic:  3/3        EV: 10    Int: 17    God:
Gold:   59         SH:  4    Dex: 12    Spells: 2/2 levels left

rFire    . . .     SeeInvis .   a - +2 short sword
rCold    . . .     Faith    .   c - +0 buckler
rNeg     . . .     Spirit   .   e - +0 ring mail
rPois    .         Reflect  .   (helmet restricted)
rElec    .         Harm     .   f - +0 cloak
rCorr    .         Rampage  .   (no gloves)
Will     .....                  (no boots)
Stlth    +.........             (no amulet)
HPRegen  0.10/turn              (no ring)
MPRegen  0.08/turn              (no ring)

@: no status effects
A: antennae 1, sharp scales 1
a: no special abilities


You were on level 1 of the Dungeon.
You visited 1 branch of the dungeon, and saw 1 of its levels.

You collected 59 gold pieces.

Inventory:

Hand Weapons
 a - a +2 short sword (weapon)
 b - a +0 spear
Missiles
 h - 22 bolts
 k - 3 javelins (quivered)
 l - 17 stones
Armour
 c - a +0 buckler (worn)
 d - a +0 robe
 e - a +0 ring mail (worn)
 f - a +0 cloak (worn)
Scrolls
 g - a scroll of identify {unknown}
 i - a scroll of magic mapping {unknown}
 j - a scroll of fear {unknown}
Potions
 m - a potion of heal wounds {unknown}


   Skills:
 * Level 4.2 Fighting
 - Level 1.0 Short Blades
 * Level 0.7 Armour
 * Level 2.2 Dodging
 - Level 1.0 Stealth
 * Level 2.2 Shields


You had 2 spell levels left.
You didn't know any spells.
Your spell library was empty.

Dungeon Overview and Level Annotations

Branches:
Dungeon (1/15)

Altars:


Innate Abilities, Weirdness & Mutations

You have a pair of small antennae on your head.
You are partially covered in razor-sharp scales. (AC +1, Slay +1)


Message History

No target in view!
No target in view!
No target in view!
No target in view!
No target in view!
No target in view!
No target in view!
No target in view!
No target in view!
No target in view!
No target in view!
No target in view!
No target in view!
No target in view!
No target in view!
No target in view!
Things that are here:
a +0 short sword; a kobold corpse; a jackal corpse You open the door.
There is an open door here.
A hobgoblin comes into view.
The hobgoblin shouts!
The hobgoblin hits you but does no damage.
You hit the hobgoblin.
The hobgoblin is moderately wounded.
The hobgoblin misses you.
You hit the hobgoblin.
The hobgoblin is severely wounded.
The hobgoblin barely misses you.
You hit the hobgoblin.
The hobgoblin is almost dead.
The hobgoblin closely misses you.
You hit the hobgoblin.
You kill the hobgoblin!
You have reached level 3!
Your experience leads to an increase in your attributes!
Increase (s)trength, (i)ntelligence, or (d)exterity?
You feel clever.
Your demonic ancestry asserts itself...
A pair of antennae grows on your head!
Are you sure you want to abandon this character and quit the game? (Confirm with "yes".)

............
........#.##.. ..#
......................#
#..#.##
##........#.......###.#.
##........#.............
##...)....#...........##
'.........#.............
##........#............
##..).....#........#.###
#..†.....#.....@†......
#........#.....##.#....
#####....###.#'## # #
.............#.#
.............#.#
########.......#
#########


There were no monsters in sight!

Vanquished Creatures
  A dart slug (D:1)
  A leopard gecko (D:1)
  A goblin (D:1)
  5 hobgoblins (D:1)
  6 jackals (D:1)
  3 kobolds (D:1)
  A ball python (D:1)
  A bat (D:1)
  2 frilled lizards (D:1)
  2 rats (D:1)
23 creatures vanquished.

Notes
Turn   | Place    | Note
-------+----------+-------------------------------------------
     0 | D:1      | Chiseanne the Demonspawn Wanderer began the quest for the
                  | Orb.
     0 | D:1      | Chiseanne set off with the following items: a +2 short
                  | sword, a +0 spear, a +0 buckler, a +0 robe
     0 | D:1      | Reached XP level 1. HP: 19/19 MP: 1/1
   155 | D:1      | Gained mutation: You are partially covered in razor-sharp
                  | scales. (AC +1, Slay +1) [demonic ancestry]
   155 | D:1      | Reached XP level 2. HP: 25/25 MP: 2/2
   866 | D:1      | Gained mutation: You have a pair of small antennae on your
                  | head. [demonic ancestry]
   866 | D:1      | Reached XP level 3. HP: 30/30 MP: 3/3
   866 | D:1      | Quit the game

Illustrated notes

Levels and vault maps discovered:
D:1:      evilmike_arrival_fibonacci_small, layout_basic,
          corexii_hall_statues_s, minmay_misc_feat_doors,
          minmay_misc_feat_tower, minmay_door_square,
          hangedman_decor_diamond_cutter

Skill      XL: |  1 |
---------------+----+-----
Dodging        | 2 |  2.2
Shields        | 2 |  2.2
Fighting       | |  4.2
Short Blades   | |  1.0
Armour         | |  0.7
Stealth        | |  1.0

Action                   || total
-------------------------++-------
Melee: Short sword       ||    69
Armor: Ring mail         ||    23
       Robe              ||     2
Dodge: Dodged            ||    35
Block: Buckler           ||    13

Table legend: (Time is in decaauts)
 A = Elapsed time spent in this place.
 B = Non-inter-level travel time spent in this place.
 C = Inter-level travel time spent in this place.
 D = Time resting spent in this place.
 E = Time spent auto-exploring this place.
 F = Levels seen in this place.
 G = Mean time per level.
                   A        B        C        D        E       F      G
               +--------+--------+--------+--------+--------+-----+--------+
         Total |    871 |    853 |     18 |      0 |    691 |   1 |  871.0 |
       Dungeon |    871 |    853 |     18 |      0 |    691 |   1 |  871.0 |
               +--------+--------+--------+--------+--------+-----+--------+

Top non-repeatable levels by time:
     D:1: 871 daAuts
